 Dungeon Crawl Stone Soup version 0.16.1-18-g436b03c (webtiles) character file.

34 masdan the Grasshopper (level 3, 29/29 HPs)
             Began as a Centaur Warper on Apr 29, 2015.
             Quit the game on level 1 of the Dungeon.
             The game lasted 00:05:58 (1443 turns).

masdan the Grasshopper (Centaur Warper)             Turns: 1443, Time: 00:05:59

Health: 29/29      AC:  4    Str: 13    XL:     3   Next: 14%
Magic:  5/5        EV:  9    Int: 13    God:
Gold:   43         SH:  0    Dex:  8    Spells: 3 memorised, 0 levels left

rFire  . . .     SeeInvis .     a - +0 falchion
rCold  . . .     Clarity  .     b - +0 leather armour
rNeg   . . .     SustAb   .     (no shield)
rPois  .         Gourm    .     (no helmet)
rElec  .         Spirit   .     (no cloak)
rCorr  .         Warding  .     (no gloves)
rMut   .         Stasis   .     (no barding)
MR     .....                    l - amulet of inaccuracy (curse)
Stlth  ..........               (no ring)
                                (no ring)

@: very quick, not resistant to hostile enchantments, extremely unstealthy
A: hooves 3, deformed body, speed 2, tough skin 3
a: no special abilities


You were on level 1 of the Dungeon.
You were not hungry.

You visited 1 branch of the dungeon, and saw 1 of its levels.

You collected 43 gold pieces.

Inventory:

Hand weapons
 a - a +0 falchion (weapon)
Missiles
 e - a tomahawk of dispersal (quivered)
 f - 3 stones
Armour
 b - a +0 leather armour (worn)
 p - a +0 robe
Jewellery
 l - a cursed amulet of inaccuracy (around neck)
Scrolls
 d - a scroll of blinking
 g - a scroll of teleportation {unknown}
 h - a scroll of magic mapping {unknown}
 n - 2 scrolls of identify {unknown}
 o - a scroll of remove curse {unknown}
Potions
 i - a potion of brilliance {unknown}
 j - a potion of degeneration {unknown}
 k - 2 potions of curing {unknown}
Books
 c - a book of Spatial Translocations

   Spells                             Type                      Level
   a - Apportation                    Translocation                1
   b - Blink                          Translocation                2
   c - Shroud of Golubria             Charms/Translocation         2
   d - Portal Projectile              Translocation                3
   e - Teleport Other                 Translocation                3
   f - Passage of Golubria            Translocation                4
Comestibles
 m - a slice of pizza
 q - a chunk of flesh


   Skills:
 + Level 2.2 Fighting
 + Level 2.3 Long Blades
 - Level 1.3 Throwing
 - Level 0.6 Armour
 - Level 1.3 Dodging
 + Level 1.7 Spellcasting
 + Level 3.2 Translocations


You couldn't memorise any spells.
You knew the following spells:

 Your Spells              Type           Power        Failure   Level  Hunger
a - Apportation           Tloc           #.........   12%         1    ##.....
b - Blink                 Tloc           N/A          14%         2    ###....
c - Shroud of Golubria    Chrm/Tloc      #.........   28%         2    ###....


Dungeon Overview and Level Annotations

Branches:
Dungeon (1/15)

Altars:


Innate Abilities, Weirdness & Mutations

You have hooves in place of feet.
Armour fits poorly on your strangely shaped body.
You cover ground very quickly.
You have extremely tough skin (AC +3).


Message History

a whip; a gnoll skeleton You see here a stone.
There is an open gate here.
There is an open door here.
There is an open door here.
You open the door.
There is an open door here.
Done exploring.
Done exploring.
As you open the door, it creaks loudly!
There is an open door here.
There is an open door here.
You open the door.
There is an open door here.
There is an open door here.
There is an open door here.
There is an open door here.
There is an open door here.
There is an open gate here.
Are you sure you want to abandon this character and quit the game? (Confirm with "yes".)

#8.8## ##..##......####
##'## ##.§≈.#.....###.#
#...####.§≈.#....####.#
.....#≈#.≈≈§#...####..#
..<..'.#≈≈≈≈#...#....##
.....#≈#.≈≈≈#.....####
#...####.≈≈.#.......#
##'## ##..≈.#.....#.###
#...## ##..##..#@##...#
############..........#
..§...##.........##...#
..§....#.........######
.#§§§..#..#####.>#
.§#...##..# #..##
#######...#####...#
..................#
........########.###


There were no monsters in sight!

Vanquished Creatures
  2 gnolls (D:1)
  An ooze (D:1)
  2 hobgoblins (D:1)
  5 bats (D:1)
  A giant newt (D:1)
  A goblin (D:1)
  3 kobolds (D:1)
  A rat (D:1)
16 creatures vanquished.

Vanquished Creatures (others)
  A hobgoblin (D:1)
1 creature vanquished.

Grand Total: 17 creatures vanquished

Notes
Turn   | Place    | Note
--------------------------------------------------------------
     0 | D:1      | masdan, the Centaur Warper, began the quest for the Orb.
     0 | D:1      | Reached XP level 1. HP: 17/17 MP: 2/2
    28 | D:1      | Reached skill level 3 in Translocations
    28 | D:1      | Reached XP level 2. HP: 2/24 MP: 3/3
   345 | D:1      | Learned a level 2 spell: Blink
   893 | D:1      | Reached XP level 3. HP: 10/29 MP: 0/5
   897 | D:1      | Learned a level 2 spell: Shroud of Golubria
  1443 | D:1      | Quit the game

Action                   || total
-------------------------++-------
Melee: Falchion          ||    80
Throw: Tomahawk          ||     4
 Cast: Blink             ||     4
       Apportation       ||     2
       Shroud of Golubri ||     1
  Eat: Bread ration      ||     1
